 Dungeon Crawl Stone Soup version 0.22-a0-40-g3d2f077 (webtiles) character file.

807 tof the Ducker (level 7, -3/60 HPs)
             Began as a Gnoll Monk on Jan 4, 2018.
             Slain by Gorglomux's ghost (7 damage)
             ... on level 6 of the Dungeon.
             The game lasted 00:08:57 (6509 turns).

tof the Ducker (Gnoll Monk)                         Turns: 6509, Time: 00:08:58

Health: -3/60      AC:  6    Str: 13    XL:     7   Next: 92%
Magic:  11/11      EV: 17    Int: 12    God:
Gold:   322        SH:  0    Dex: 20    Spells: 11/11 levels left

rFire    . . .     SeeInvis .   u - +1 rapier "Napheuca" {pierce, rC- rN+++} (curse)
rCold    x . .     Gourm    .   (no shield)
rNeg     + + +     Faith    .   f - +0 ring mail
rPois    .         Spirit   .   (no helmet)
rElec    .         Reflect  .   (no cloak)
rCorr    .         Harm     .   (no gloves)
MR       +....                  r - +0 pair of boots
Stlth    +++.......             (no amulet)
HPRegen  0.20/turn              l - +2 ring of evasion
MPRegen  0.12/turn              (no ring)

@: no status effects
A: distributed training, fangs 1, magic resistance 1, no potion heal 1, strong
nose
a: no special abilities


You were on level 6 of the Dungeon.
You were hungry.

You visited 1 branch of the dungeon, and saw 6 of its levels.

You collected 322 gold pieces.

Inventory:

Hand Weapons
 a - a +0 falchion
 u - the cursed +1 rapier "Napheuca" (weapon) {pierce, rC- rN+++}
   (You found it on level 4 of the Dungeon)

   It inflicts extra damage upon your enemies.
   It makes you vulnerable to cold.
   It renders you almost immune to negative energy.
   It has a curse placed upon it.
Missiles
 s - 11 tomahawks (quivered)
Armour
 f - a +0 ring mail (worn)
 r - a +0 pair of boots (worn)
Jewellery
 l - a +2 ring of evasion (left hand)
Wands
 o - a wand of disintegration (9)
 w - a wand of enslavement (15)
Scrolls
 e - a scroll of amnesia {unknown}
 g - 5 scrolls of remove curse
 k - a scroll of fear
 n - a scroll of enchant weapon {unknown}
 p - a scroll of fog
 t - a scroll of magic mapping {unknown}
Potions
 b - a potion of ambrosia
 h - 2 potions of degeneration
 i - 2 potions of curing
 j - 3 potions of brilliance
 m - a potion of lignification
 q - 3 potions of heal wounds {unknown}
Books
 d - a book of Cantrips

   Spells                             Type                      Level
   a - Confusing Touch                Hexes                        1
   b - Animate Skeleton               Necromancy                   1
   c - Summon Small Mammal            Summoning                    1
   d - Apportation                    Translocation                1
 x - a book of Flames

   Spells                             Type                      Level
   a - Flame Tongue                   Conjuration/Fire             1
   b - Throw Flame                    Conjuration/Fire             2
   c - Conjure Flame                  Conjuration/Fire             3
   d - Inner Flame                    Hexes/Fire                   3
   e - Sticky Flame                   Conjuration/Fire             4
   f - Fireball                       Conjuration/Fire             5
Comestibles
 c - 9 rations


   Skills:
 + Level 7.1 Fighting
 + Level 2.7 Short Blades
 + Level 7.1 Long Blades
 + Level 2.7 Axes
 + Level 2.7 Maces & Flails
 + Level 2.7 Polearms
 + Level 2.7 Staves
 + Level 2.7 Slings
 + Level 2.7 Bows
 + Level 2.7 Crossbows
 + Level 2.7 Throwing
 + Level 2.7 Armour
 + Level 7.1 Dodging
 + Level 5.0 Stealth
 + Level 2.7 Shields
 + Level 2.7 Unarmed Combat
 + Level 2.7 Spellcasting
 + Level 2.2 Conjurations
 + Level 2.2 Hexes
 + Level 2.2 Charms
 + Level 2.2 Summonings
 + Level 2.2 Necromancy
 + Level 2.2 Translocations
 + Level 2.2 Transmutations
 + Level 2.2 Fire Magic
 + Level 2.2 Ice Magic
 + Level 2.2 Air Magic
 + Level 2.2 Earth Magic
 + Level 2.2 Poison Magic
 + Level 3.0 Invocations
 + Level 2.7 Evocations


You had 11 spell levels left.
You didn't know any spells.

Dungeon Overview and Level Annotations

Branches:
Dungeon (6/15)
 Temple: D:4-7

Altars:
Fedhas
Makhleb
Qazlal
Zin

Shops:
D:4 (   D:5 :

Annotations:
D:5 Brandom's ghost, novice MfCK
D:6 Gorglomux's ghost, novice DDFi


Innate Abilities, Weirdness & Mutations

Your experience applies equally to all skills.
You have very sharp teeth.
Your uncanny sense of smell can sniff out nearby items.
You are resistant to hostile enchantments. (MR+)
Potions are less effective at restoring your health.


Message History

Gorglomux's ghost hits you! x2
You hit Gorglomux's ghost.
Gorglomux's ghost is heavily damaged.
Gorglomux's ghost hits you.
You hit Gorglomux's ghost.
Gorglomux's ghost is heavily damaged.
Gorglomux's ghost hits you.
You hit Gorglomux's ghost but do no damage.
Gorglomux's ghost is heavily damaged.
Gorglomux's ghost hits you but does no damage.
You hit Gorglomux's ghost but do no damage.
You bite Gorglomux's ghost, but do no damage.
Gorglomux's ghost is heavily damaged.
Gorglomux's ghost hits you!
* * * LOW HITPOINT WARNING * * *
You hit Gorglomux's ghost but do no damage.
You bite Gorglomux's ghost, but do no damage.
Gorglomux's ghost is heavily damaged.
Gorglomux's ghost hits you!
You die...

#.......[#.###.._....._P$###
#[............≈≈#.^..PPP...
#.........#####^.^...P.P####
#.........# ###.......#
#.........#######.......#
#...............' ....
#..............# ....
#.........#.#..## ...
########...@....#..
#..#W#...... #........###
#........# ###......#
########


You could see Gorglomux's ghost.

Vanquished Creatures
  A phantom (D:5)
  An ice beast (D:6)
  Blork the orc (D:5)
  A scorpion (D:6)
  A bullfrog zombie (D:5)
  2 orc priests (D:6)
  3 orc wizards
  An iguana (D:4)
  3 worker ants
  A hound skeleton (D:4)
  A gnoll (D:1)
  11 adders
  An adder zombie (D:5)
  3 worms
  4 dart slugs
  3 leopard geckos
  11 orcs
  4 ball pythons
  4 giant cockroaches
  3 goblins
  8 hobgoblins
  10 jackals
  A quokka (D:2)
  4 bats
  6 frilled lizards
  7 kobolds
  4 rats
100 creatures vanquished.

Notes
Turn   | Place    | Note
-------+----------+-------------------------------------------
     0 | D:1      | tof the Gnoll Monk began the quest for the Orb.
     0 | D:1      | Reached XP level 1. HP: 23/23 MP: 1/1
   118 | D:1      | Reached XP level 2. HP: 28/29 MP: 2/2
   729 | D:1      | Reached XP level 3. HP: 35/35 MP: 3/3
  1427 | D:2      | Reached skill level 1 in Invocations
  1503 | D:2      | Found a faded altar of an unknown god.
  1605 | D:2      | Reached skill level 1 in Short Blades
  1605 | D:2      | Reached skill level 1 in Axes
  1605 | D:2      | Reached skill level 1 in Maces & Flails
  1605 | D:2      | Reached skill level 1 in Polearms
  1605 | D:2      | Reached skill level 1 in Staves
  1605 | D:2      | Reached skill level 1 in Slings
  1605 | D:2      | Reached skill level 1 in Bows
  1605 | D:2      | Reached skill level 1 in Crossbows
  1605 | D:2      | Reached skill level 1 in Throwing
  1605 | D:2      | Reached skill level 1 in Armour
  1605 | D:2      | Reached skill level 1 in Shields
  1605 | D:2      | Reached skill level 1 in Unarmed Combat
  1605 | D:2      | Reached skill level 1 in Spellcasting
  1605 | D:2      | Reached skill level 1 in Evocations
  1605 | D:2      | Reached XP level 4. HP: 27/41 MP: 5/5
  2389 | D:3      | Reached skill level 1 in Conjurations
  2389 | D:3      | Reached skill level 1 in Hexes
  2389 | D:3      | Reached skill level 1 in Charms
  2389 | D:3      | Reached skill level 1 in Summonings
  2389 | D:3      | Reached skill level 1 in Necromancy
  2389 | D:3      | Reached skill level 1 in Translocations
  2389 | D:3      | Reached skill level 1 in Transmutations
  2389 | D:3      | Reached skill level 1 in Fire Magic
  2389 | D:3      | Reached skill level 1 in Ice Magic
  2389 | D:3      | Reached skill level 1 in Air Magic
  2389 | D:3      | Reached skill level 1 in Earth Magic
  2389 | D:3      | Reached skill level 1 in Poison Magic
  2693 | D:3      | Reached XP level 5. HP: 47/47 MP: 6/6
  3868 | D:4      | Found Ockithrugiwk's Weapon Shop.
  4034 | D:4      | Reached XP level 6. HP: 53/53 MP: 8/8
  4087 | D:4      | Got a scorched rapier
  4088 | D:4      | Identified the cursed +1 rapier "Napheuca" {pierce, rC- rN+++} (You found it on level 4 of the Dungeon)
  4652 | D:5      | Entered Level 5 of the Dungeon
  4662 | D:5      | Gained mutation: Potions are less effective at restoring your health. [potion of mutation]
  4662 | D:5      | Gained mutation: You evolve. [potion of mutation]
  4990 | D:5      | Noticed a phantom
  5015 | D:5      | Killed a phantom
  5150 | D:5      | Found a burning altar of Makhleb.
  5152 | D:5      | Found a glowing silver altar of Zin.
  5152 | D:5      | Noticed an angel
  5152 | D:5      | Noticed a blizzard demon
  5162 | D:5      | Noticed Brandom's ghost (novice MfCK)
  5217 | D:6      | Found a stormy altar of Qazlal.
  5222 | D:6      | Noticed Gorglomux's ghost (novice DDFi)
  5237 | D:6      | Reached XP level 7. HP: 38/59 MP: 10/10
  5258 | D:6      | Gained mutation: You are resistant to hostile enchantments. (MR+) [evolution]
  5258 | D:6      | Lost mutation: You evolve. [end of evolution]
  5839 | D:5      | Noticed Blork the orc
  5842 | D:5      | Killed Blork the orc
  5842 | D:5      | Reached skill level 5 in Stealth
  5867 | D:5      | Found Xumaffuo's Book Shoppe.
  6001 | D:5      | HP: 3/60 [gnoll sergeant/spear (5)]
  6369 | D:6      | Found a blossoming altar of Fedhas.
  6508 | D:6      | HP: 3/60 [Gorglomux's ghost (17)]
  6509 | D:6      | Slain by Gorglomux's ghost

Vault maps used:
D:1:      nagdon_arrival_zigzag_paths
D:2:      chequers_ecumenical_altar_simple
D:3:      first_ration
D:4:      serial_shops, shop
D:5:      grunt_temple_overflow_order_and_chaos_2, serial_shops, shop_statue,
          minivault_5, minivault_4, lightli_minifort, uniq_blork_the_orc
D:6:      grunt_temple_overflow_forces_of_nature, minivault_22, st_stairs_14

Skill      XL: |  1  2  3  4  5  6  7 |
---------------+----------------------+-----
Invocations    | 1 2 3 |  3.0
Short Blades   | 1 2 |  2.7
Axes           | 1 2 |  2.7
Maces & Flails | 1 2 |  2.7
Polearms       | 1 2 |  2.7
Staves         | 1 2 |  2.7
Slings         | 1 2 |  2.7
Bows           | 1 2 |  2.7
Crossbows      | 1 2 |  2.7
Throwing       | 1 2 |  2.7
Armour         | 1 2 |  2.7
Shields        | 1 2 |  2.7
Unarmed Combat | 1 2 |  2.7
Spellcasting   | 1 2 |  2.7
Evocations     | 1 2 |  2.7
Conjurations   | 1 2 |  2.2
Hexes          | 1 2 |  2.2
Charms         | 1 2 |  2.2
Summonings     | 1 2 |  2.2
Necromancy     | 1 2 |  2.2
Translocations | 1 2 |  2.2
Transmutations | 1 2 |  2.2
Fire Magic     | 1 2 |  2.2
Ice Magic      | 1 2 |  2.2
Air Magic      | 1 2 |  2.2
Earth Magic    | 1 2 |  2.2
Poison Magic   | 1 2 |  2.2
Fighting       | 7 |  7.1
Long Blades    | 7 |  7.1
Dodging        | 7 |  7.1
Stealth        | 5 |  5.0

Action                   |  1- 3 |  4- 6 |  7- 9 || total
-------------------------+-------+-------+-------++-------
Melee: Falchion          |    88 |   128 |       ||   216
       Bite              |     7 |    32 |     9 ||    48
       Punch             |       |     1 |     2 ||     3
       Rapier            |       |    66 |    91 ||   157
Throw: Tomahawk          |       |     1 |       ||     1
  Use: Scroll            |       |     9 |       ||     9
       Potion            |       |     1 |     1 ||     2
 Stab: Sleeping          |     2 |     9 |     2 ||    13
  Eat: Chunk             |     2 |    12 |     3 ||    17
Armor: Robe              |     2 |       |       ||     2
       Ring mail         |    25 |    46 |    28 ||    99
Dodge: Dodged            |    79 |   136 |    82 ||   297
       Rpst.: Falchion   |    19 |    37 |       ||    56

Table legend:
 A = Spawn XP
 B = Non-spawn XP
 C = Spawn XP percentage of total XP
 D = Spawn monster count
 E = Non-spawn monster count
 F = Spawn count percentage of total count
 G = Total turns spent on level
                    A         B        C        D         E        F      G
               +---------+---------+-------+---------+---------+-------+---------
         Total |       0 |    1154 |   0.0 |       0 |     100 |   0.0 |  6509
               +---------+---------+-------+---------+---------+-------+---------
           D:1 |       0 |      47 |   0.0 |       0 |      16 |   0.0 |  1406
           D:2 |       0 |      70 |   0.0 |       0 |      20 |   0.0 |   963
           D:3 |       0 |     115 |   0.0 |       0 |      30 |   0.0 |   986
           D:4 |       0 |     110 |   0.0 |       0 |       9 |   0.0 |  1297
           D:5 |       0 |     453 |   0.0 |       0 |      17 |   0.0 |  1426
           D:6 |       0 |     359 |   0.0 |       0 |       8 |   0.0 |   431
               +---------+---------+-------+---------+---------+-------+---------
